[Event "16th Deltalift Open 2019"]
[Site "Halmstad"]
[Date "2019.06.01"]
[Round "7.15"]
[White "Hansen, Lars"]
[Black "Falkevall, Axel"]
[Result "1-0"]
[ECO "A40"]
[WhiteElo "2196"]
[BlackElo "1960"]
[Annotator "ChessBase"]
[PlyCount "91"]
[EventDate "2019.05.30"]
[EventType "swiss"]
[EventCountry "SWE"]
[SourceTitle "playchess.com"]
[Source "ChessBase"]
[SourceQuality "1"]
[TimeControl "40/5400+30:1800+30"]

1. d4 e6 2. Nf3 d5 3. c3 Nf6 4. Bg5 Be7 5. Nbd2 Nbd7 6. e3 O-O 7. Bd3 b6 8. O-O Bb7 9. Ne5 Nxe5 10. dxe5 Nd7 11. Bxe7 Qxe7 12. f4 f5 13. exf6 Nxf6 14. Nf3 c5 15. Qe2 Rad8 16. Rae1 Qd6 17. Ne5 Rfe8 18. Rf3 Re7 19. Qf2 Ne4 20. Qh4 Rf8 21. Bxe4 dxe4 22. Rh3 g6 23. Ng4 Qc7 24. Qg5 Rg7 25. Rd1 Kh8 26. Ne5 Kg8 27. c4 Ba8 28. g4 Bb7 29. Rg3 Qe7 30. h4 Qxg5 31. hxg5 Bc8 32. Rg2 Rb7 33. Rgd2 Rc7 34. Rd6 Re8 35. Kf2 Rf8 36. Ke2 Re8 37. Kd2 Rf8 38. Kc3 Re8 39. a3 Rf8 40. b4 Re8 41. Kb3 Rf8 42. b5 Re8 43. a4 Bb7 44. Nd7 Kg7 45. Nf6 Ree7 46. Rh1 1-0

[Event "16th Deltalift Open 2019"]
[Site "Halmstad"]
[Date "2019.06.01"]
[Round "7.16"]
[White "Ziegler, Nathalie"]
[Black "Brzezinski, Adam"]
[Result "0-1"]
[ECO "A36"]
[WhiteElo "1789"]
[BlackElo "2193"]
[Annotator "ChessBase"]
[PlyCount "58"]
[EventDate "2019.05.30"]
[EventType "swiss"]
[EventCountry "SWE"]
[SourceTitle "playchess.com"]
[Source "ChessBase"]
[SourceQuality "1"]
[TimeControl "40/5400+30:1800+30"]

1. c4 c5 2. Nc3 Nc6 3. g3 g6 4. Bg2 Bg7 5. a3 d6 6. Rb1 Be6 7. d3 Qd7 8. e3 h5 9. h4 Rc8 10. Nge2 Bg4 11. f3 Bf5 12. Nd5 e5 13. b4 Nce7 14. e4 Be6 15. Bb2 f5 16. O-O fxe4 17. fxe4 Nxd5 18. cxd5 Bg4 19. Qd2 Bh6 20. Qe1 cxb4 21. axb4 Rc2 22. Nf4 exf4 23. Bxh8 Re2 24. Qc3 f3 25. Bd4 Rxg2+ 26. Kh1 Rxg3 27. Rf2 Qe7 28. Rh2 f2 29. Bxf2 Bf3+ 0-1

[Event "16th Deltalift Open 2019"]
[Site "Halmstad"]
[Date "2019.06.01"]
[Round "7.17"]
[White "Muntean, Victor"]
[Black "Lindhe, Magnus"]
[Result "0-1"]
[ECO "C00"]
[WhiteElo "1929"]
[BlackElo "2173"]
[Annotator "ChessBase"]
[PlyCount "74"]
[EventDate "2019.05.30"]
[EventType "swiss"]
[EventCountry "SWE"]
[SourceTitle "playchess.com"]
[Source "ChessBase"]
[SourceQuality "1"]
[TimeControl "40/5400+30:1800+30"]

1. e4 e6 2. d4 b6 3. c4 Bb7 4. Nc3 Bb4 5. Bd3 f5 6. Qe2 Nf6 7. f3 Nc6 8. d5 Ne5 9. Bf4 Bxc3+ 10. bxc3 Nxd3+ 11. Qxd3 fxe4 12. fxe4 O-O 13. Ne2 exd5 14. exd5 Qe7 15. O-O Rae8 16. Rae1 Qc5+ 17. Qd4 Re4 18. Qxc5 bxc5 19. Bxc7 Rfe8 20. Rb1 Bxd5 21. cxd5 Rxe2 22. Rb5 Nxd5 23. Rxc5 Ne3 24. Ra1 Rf8 25. Bg3 Rxg2+ 26. Kh1 Rxa2 27. Rb1 h6 28. Rc7 Rf7 29. Re1 a5 30. Rc8+ Kh7 31. Re8 Nf5 32. Bc7 d6 33. Bb6 a4 34. R8e2 Rxe2 35. Rxe2 Rb7 36. Ba5 Rb1+ 37. Kg2 a3 0-1

[Event "16th Deltalift Open 2019"]
[Site "Halmstad"]
[Date "2019.06.01"]
[Round "7.18"]
[White "Nyander, Joakim"]
[Black "Silfverstroem, Niklas"]
[Result "1-0"]
[ECO "A15"]
[WhiteElo "2235"]
[BlackElo "2019"]
[Annotator "ChessBase"]
[PlyCount "93"]
[EventDate "2019.05.30"]
[EventType "swiss"]
[EventCountry "SWE"]
[SourceTitle "playchess.com"]
[Source "ChessBase"]
[SourceQuality "1"]
[TimeControl "40/5400+30:1800+30"]

1. c4 Nf6 2. g3 g6 3. Bg2 Bg7 4. Nc3 O-O 5. e4 d6 6. Nge2 c5 7. O-O Nc6 8. d3 a6 9. h3 Rb8 10. a4 Qc7 11. Be3 Nb4 12. d4 cxd4 13. Nxd4 e5 14. Nde2 Be6 15. b3 Nd7 16. Qd2 Nc5 17. Rab1 Qd7 18. Kh2 Rbd8 19. Rfd1 f5 20. f3 Qf7 21. Nd5 Nxd5 22. cxd5 Bc8 23. a5 f4 24. gxf4 exf4 25. Bd4 Nd7 26. Rdc1 Bxd4 27. Nxd4 Ne5 28. b4 g5 29. Rc3 Qh5 30. Qe2 Rf6 31. Rh1 g4 32. fxg4 Bxg4 33. Qf2 f3 34. Rg1 Kh8 35. Bf1 Bd7 36. Ne6 Bxe6 37. dxe6 Rxe6 38. Rc7 Rg6 39. Rxg6 Qxg6 40. Qg3 Qf6 41. Rxb7 Rg8 42. Qf2 Qh6 43. Kh1 Ng4 44. Qxf3 Qh4 45. Rf7 Qh6 46. Qf4 Qh4 47. Rf8 1-0

[Event "16th Deltalift Open 2019"]
[Site "Halmstad"]
[Date "2019.06.01"]
[Round "7.19"]
[White "Sjoberg, Isak"]
[Black "Nilsson, Eskil"]
[Result "0-1"]
[ECO "B20"]
[WhiteElo "2208"]
[BlackElo "1991"]
[Annotator "ChessBase"]
[PlyCount "52"]
[EventDate "2019.05.30"]
[EventType "swiss"]
[EventCountry "SWE"]
[SourceTitle "playchess.com"]
[Source "ChessBase"]
[SourceQuality "1"]
[TimeControl "40/5400+30:1800+30"]

1. e4 c5 2. b3 e5 3. Bb2 d6 4. Bc4 Nf6 5. Nc3 Nc6 6. d3 a6 7. a4 Be7 8. Nge2 O-O 9. O-O Be6 10. Ng3 Nd4 11. Nd5 Nxd5 12. Bxd5 Qd7 13. c3 Nc6 14. f4 exf4 15. Rxf4 Bg5 16. Rf1 Bg4 17. Qc2 Ne7 18. Kh1 Bh4 19. d4 Nxd5 20. exd5 cxd4 21. c4 f5 22. Qd2 Rae8 23. Qxd4 Bf6 24. Qd2 Bxb2 25. Qxb2 f4 26. h3 fxg3 0-1

[Event "16th Deltalift Open 2019"]
[Site "Halmstad"]
[Date "2019.06.01"]
[Round "7.20"]
[White "Cedervall, Magnus"]
[Black "Petersson, Baldur Teodor"]
[Result "0-1"]
[ECO "B21"]
[WhiteElo "2006"]
[BlackElo "2163"]
[Annotator "ChessBase"]
[PlyCount "60"]
[EventDate "2019.05.30"]
[EventType "swiss"]
[EventCountry "SWE"]
[SourceTitle "playchess.com"]
[Source "ChessBase"]
[SourceQuality "1"]
[TimeControl "40/5400+30:1800+30"]

1. e4 c5 2. d4 cxd4 3. c3 dxc3 4. Nxc3 e6 5. Nf3 a6 6. Bc4 Nc6 7. O-O Nge7 8. Bg5 h6 9. Be3 Ng6 10. Bb3 b5 11. Qe2 Be7 12. Rfd1 O-O 13. Nd4 Bb7 14. a3 Bg5 15. Rd2 Nxd4 16. Rxd4 Bf6 17. Rd6 Be5 18. Rd2 Qc7 19. Rc2 Bxh2+ 20. Kh1 Be5 21. Qg4 Bc6 22. g3 Qb7 23. f3 Bxc3 24. bxc3 Ne5 25. Qh5 Nxf3 26. Bxh6 gxh6 27. Qxh6 Bxe4 28. Rh2 Nxh2+ 29. Kxh2 f6 30. Rh1 Rf7 0-1

[Event "16th Deltalift Open 2019"]
[Site "Halmstad"]
[Date "2019.06.01"]
[Round "7.21"]
[White "Ask, Josef"]
[Black "Wernberg, Hugo"]
[Result "1-0"]
[ECO "B50"]
[WhiteElo "2149"]
[BlackElo "2017"]
[Annotator "ChessBase"]
[PlyCount "127"]
[EventDate "2019.05.30"]
[EventType "swiss"]
[EventCountry "SWE"]
[SourceTitle "playchess.com"]
[Source "ChessBase"]
[SourceQuality "1"]
[TimeControl "40/5400+30:1800+30"]

1. e4 c5 2. Nf3 d6 3. c3 Nf6 4. Be2 g6 5. O-O Bg7 6. Na3 O-O 7. d3 Nc6 8. h3 b6 9. Bg5 Bb7 10. Qd2 Ne8 11. Nh2 Nc7 12. Bh6 Qe8 13. Bd1 f5 14. Bb3+ Kh8 15. Rae1 Bxh6 16. Qxh6 Ne5 17. Bc2 fxe4 18. dxe4 Ba6 19. f4 Bxf1 20. Rxf1 Nd7 21. Nf3 Qf7 22. Ng5 Qg7 23. Qh4 Rf6 24. Bb3 Raf8 25. Nc2 e5 26. g3 b5 27. Ne3 c4 28. Bc2 Ne6 29. Nxe6 Rxe6 30. f5 g5 31. Qg4 Nf6 32. Qd1 Re7 33. Qxd6 Rfe8 34. Rf2 Rb7 35. a4 Qe7 36. Qxe7 Rexe7 37. axb5 Rec7 38. Rd2 Rxb5 39. Bb1 Kg7 40. Kg2 h6 41. Kf3 Ra5 42. Rd6 Ra1 43. Bc2 Ra2 44. Rxf6 Kxf6 45. Nd5+ Kf7 46. Nxc7 Rxb2 47. Ba4 Rh2 48. Bb5 Rxh3 49. Bxc4+ Kg7 50. Nd5 h5 51. Kg2 g4 52. Ba6 Kh6 53. c4 h4 54. gxh4 Ra3 55. Bb5 Kh5 56. f6 Kxh4 57. c5 Ra2+ 58. Kg1 Kg3 59. Bf1 Rc2 60. Ne7 Rf2 61. Nf5+ Kf3 62. f7 g3 63. f8=Q g2 64. Nh4+ 1-0

[Event "16th Deltalift Open 2019"]
[Site "Halmstad"]
[Date "2019.06.01"]
[Round "7.22"]
[White "Harren, Mats"]
[Black "Andersson, Lars"]
[Result "1-0"]
[ECO "B12"]
[WhiteElo "2139"]
[BlackElo "1997"]
[Annotator "ChessBase"]
[PlyCount "69"]
[EventDate "2019.05.30"]
[EventType "swiss"]
[EventCountry "SWE"]
[SourceTitle "playchess.com"]
[Source "ChessBase"]
[SourceQuality "1"]
[TimeControl "40/5400+30:1800+30"]

1. e4 c6 2. d4 d5 3. e5 c5 4. dxc5 e6 5. a3 Nc6 6. Nf3 Bxc5 7. Bd3 Nge7 8. b4 Bb6 9. O-O Ng6 10. Bb2 Bc7 11. Re1 O-O 12. Nbd2 f6 13. Bxg6 hxg6 14. b5 Ne7 15. c4 b6 16. cxd5 exd5 17. Rc1 Bg4 18. Qa4 Bxf3 19. Nxf3 Qd7 20. exf6 gxf6 21. Qc2 Rac8 22. Qd3 Rf7 23. Kf1 Rcf8 24. Rc2 Qd6 25. h3 Bb8 26. Rce2 Nf5 27. Re6 Qd7 28. a4 Kh7 29. Ba3 Rc8 30. g4 Ng7 31. Re7 Rxe7 32. Rxe7 Qd8 33. Qd4 Bd6 34. Ng5+ Kg8 35. Rxg7+ 1-0

[Event "16th Deltalift Open 2019"]
[Site "Halmstad"]
[Date "2019.06.01"]
[Round "7.23"]
[White "Trost, Edvin"]
[Black "Troberg Eskola, Love"]
[Result "1/2-1/2"]
[ECO "C16"]
[WhiteElo "2047"]
[BlackElo "2134"]
[Annotator "ChessBase"]
[PlyCount "95"]
[EventDate "2019.05.30"]
[EventType "swiss"]
[EventCountry "SWE"]
[SourceTitle "playchess.com"]
[Source "ChessBase"]
[SourceQuality "1"]
[TimeControl "40/5400+30:1800+30"]

1. e4 e6 2. d4 d5 3. Nc3 Bb4 4. e5 Qd7 5. a3 Bxc3+ 6. bxc3 b6 7. Nf3 Ba6 8. Bxa6 Nxa6 9. Qd3 Qa4 10. Nd2 Ne7 11. c4 Rc8 12. c3 c5 13. cxd5 Nxd5 14. Bb2 cxd4 15. cxd4 O-O 16. O-O Rc2 17. Rab1 Rfc8 18. Ne4 h6 19. Qg3 Kh8 20. Nd6 R8c7 21. Qf3 Kg8 22. h4 Qc6 23. Rbc1 Rd7 24. g3 Nb8 25. Ne4 Rc7 26. h5 Qb5 27. Rxc2 Rxc2 28. Ba1 Qe2 29. Qxe2 Rxe2 30. Nc3 Nxc3 31. Bxc3 Rc2 32. Bb4 Nc6 33. Rd1 Rc4 34. d5 Nxe5 35. dxe6 fxe6 36. Rd8+ Kh7 37. Bf8 Rc7 38. Re8 Nd7 39. Bd6 Rc6 40. Be7 e5 41. Rd8 Nc5 42. Rd5 Rc7 43. Rxe5 Nd3 44. Re3 Rc1+ 45. Kg2 Rd1 46. Kf3 Rd2 47. Re2 Rd1 48. Re3 1/2-1/2

[Event "16th Deltalift Open 2019"]
[Site "Halmstad"]
[Date "2019.06.01"]
[Round "7.24"]
[White "Ytterberg, Felix"]
[Black "Svensson, Mikael"]
[Result "0-1"]
[ECO "A84"]
[WhiteElo "2018"]
[BlackElo "2125"]
[Annotator "ChessBase"]
[PlyCount "122"]
[EventDate "2019.05.30"]
[EventType "swiss"]
[EventCountry "SWE"]
[SourceTitle "playchess.com"]
[Source "ChessBase"]
[SourceQuality "1"]
[TimeControl "40/5400+30:1800+30"]

1. d4 e6 2. c4 f5 3. Nc3 Nf6 4. Qc2 b6 5. e3 Bb7 6. f3 c5 7. Bd3 Nc6 8. Nge2 Nb4 9. Qb1 Nxd3+ 10. Qxd3 Be7 11. d5 Nh5 12. O-O g6 13. d6 Bf6 14. g4 Ng7 15. f4 fxg4 16. e4 O-O 17. Be3 Bh4 18. a3 Qc8 19. b4 Nf5 20. exf5 Qc6 21. Nd5 exd5 22. Qxd5+ Qxd5 23. cxd5 Ba6 24. bxc5 bxc5 25. fxg6 hxg6 26. Nc3 Bxf1 27. Rxf1 Bf6 28. Ne4 Bd4 29. Bxd4 cxd4 30. Nc5 Rf5 31. Nxd7 Rd8 32. Ne5 Rxd6 33. Nxg4 Rfxd5 34. Nf2 Ra6 35. Ne4 Kg7 36. Rf3 Re6 37. Nd2 Re2 38. Rf2 Re3 39. Rf3 Rxf3 40. Nxf3 d3 41. Nd2 Ra5 42. Kf2 Rxa3 43. Ke3 Ra2 44. Nf3 Kf6 45. h3 Rb2 46. Nd4 d2 47. Ke2 Rb7 48. Kxd2 Rd7 49. Ke3 Rxd4 50. Kxd4 Kf5 51. Ke3 a6 52. Kf3 a5 53. Ke3 a4 54. Kd3 Kxf4 55. Kc3 Kg3 56. Kb4 Kxh3 57. Kxa4 g5 58. Kb3 g4 59. Kc2 g3 60. Kd2 g2 61. Ke2 g1=Q 0-1

[Event "16th Deltalift Open 2019"]
[Site "Halmstad"]
[Date "2019.06.01"]
[Round "8.2"]
[White "Lindberg, Bengt"]
[Black "Seo, Jung Min"]
[Result "1/2-1/2"]
[ECO "B92"]
[WhiteElo "2382"]
[BlackElo "2377"]
[Annotator "ChessBase"]
[PlyCount "172"]
[EventDate "2019.05.30"]
[EventType "swiss"]
[EventCountry "SWE"]
[SourceTitle "playchess.com"]
[Source "ChessBase"]
[SourceQuality "1"]
[TimeControl "40/5400+30:1800+30"]

1. e4 c5 2. Nf3 d6 3. d4 cxd4 4. Nxd4 Nf6 5. Nc3 a6 6. Be2 e5 7. Nb3 Be6 8. Be3 Be7 9. Nd5 Nxd5 10. exd5 Bf5 11. O-O Nd7 12. Qd2 Qc7 13. c4 a5 14. f4 a4 15. fxe5 axb3 16. Rxf5 Rxa2 17. Raf1 Nxe5 18. c5 Qa5 19. Rxe5 dxe5 20. d6 Qxd2 21. Bb5+ Kf8 22. dxe7+ Kxe7 23. Bxd2 Rxb2 24. Bb4 Kd8 25. Bc3 Rc2 26. Bxe5 Kc8 27. Bd3 Rd2 28. Bf5+ Kd8 29. Bc3 Rd5 30. Ba5+ Ke7 31. Be4 Rxc5 32. Bb4 b6 33. Rb1 Kd6 34. Rxb3 Ke5 35. Bxc5 bxc5 36. Bb1 f5 37. Kf2 g5 38. Rb5 Rc8 39. Rb7 Rd8 40. Ke2 h6 41. Re7+ Kf6 42. Rc7 Rd5 43. Rc6+ Kg7 44. Ba2 Re5+ 45. Kf2 h5 46. h4 gxh4 47. Kf3 Re4 48. Bb1 Re5 49. Bd3 Rd5 50. Be2 Rd4 51. Kf2 h3 52. gxh3 h4 53. Rxc5 Kf6 54. Ke3 Re4+ 55. Kf3 Rd4 56. Ba6 Rd1 57. Bc8 Rf1+ 58. Ke2 Rf4 59. Bd7 Kg5 60. Ke3 Rf1 61. Bc6 Rg1 62. Kf2 Rg3 63. Bg2 Kf4 64. Rb5 Kg5 65. Be4 Rxh3 66. Bxf5 Rg3 67. Bd3+ Kf6 68. Be2 Rh3 69. Bf3 Kg6 70. Ke3 Rh2 71. Kf4 h3 72. Rb6+ Kf7 73. Ke5 Rf2 74. Be4 h2 75. Rh6 Kg7 76. Rh7+ Kg8 77. Ra7 Rf1 78. Ra8+ Kg7 79. Ra7+ Kg8 80. Ra8+ Kg7 81. Ra7+ Kg8 82. Bd5+ Kh8 83. Ra8+ Kg7 84. Ra7+ Kh8 85. Ra8+ Kg7 86. Ra7+ Kh8 1/2-1/2

[Event "16th Deltalift Open 2019"]
[Site "Halmstad"]
[Date "2019.06.01"]
[Round "8.3"]
[White "Hector, Jonny"]
[Black "Sjodahl, Pontus"]
[Result "1/2-1/2"]
[ECO "C15"]
[WhiteElo "2488"]
[BlackElo "2435"]
[Annotator "ChessBase"]
[PlyCount "219"]
[EventDate "2019.05.30"]
[EventType "swiss"]
[EventCountry "SWE"]
[SourceTitle "playchess.com"]
[Source "ChessBase"]
[SourceQuality "1"]
[TimeControl "40/5400+30:1800+30"]

1. e4 e6 2. d4 d5 3. Nc3 Bb4 4. Nge2 Ne7 5. a3 Ba5 6. g3 O-O 7. Bg2 c6 8. O-O Nd7 9. Re1 Re8 10. b4 Bc7 11. a4 a5 12. b5 Bd6 13. Bf4 Bb4 14. Rf1 Ng6 15. Be3 Nb6 16. h4 Nc4 17. Bg5 f6 18. Bc1 Nh8 19. Rb1 Nf7 20. Qd3 Nb6 21. Ra1 Bd7 22. Nd1 Bf8 23. Ne3 Nd6 24. Ba3 dxe4 25. Qb3 cxb5 26. Bxd6 Bxd6 27. axb5 a4 28. Qa2 Bxb5 29. c4 Nxc4 30. Nxc4 f5 31. Rab1 Bc6 32. Nc3 Bc7 33. Rfd1 Kh8 34. Qa3 Qf6 35. Nb5 Bb8 36. Nbd6 Bxd6 37. Qxd6 Red8 38. Qc5 Rd5 39. Qb6 Qd8 40. Qxd8+ Raxd8 41. Ne5 Be8 42. Bf1 Bh5 43. Rdc1 Rxd4 44. Rxb7 R4d5 45. Nf7+ Bxf7 46. Rxf7 Ra5 47. Rcc7 a3 48. Ra7 Rxa7 49. Rxa7 Kg8 50. Bc4 Rd6 51. Kf1 Rb6 52. Ba2 Kf8 53. h5 Ke8 54. Rxa3 Kf7 55. Ra7+ Kf6 56. Ke2 Rc6 57. Kd2 h6 58. Bb3 Rd6+ 59. Ke2 Rb6 60. Bc4 Rb4 61. Rc7 Rb6 62. Ke3 g6 63. hxg6 Kxg6 64. Kf4 Rb2 65. Ke3 Rb6 66. Re7 Kf6 67. Re8 Kf7 68. Ra8 Kf6 69. Rc8 Rd6 70. Be2 Rb6 71. Bh5 Rb3+ 72. Ke2 Rb2+ 73. Kf1 Rb1+ 74. Kg2 Rb2 75. Rc3 Kg5 76. Bd1 Rd2 77. Bb3 Rd6 78. Kf1 Kf6 79. Ke2 Kg5 80. Rc8 Kf6 81. Rc7 Ra6 82. Rb7 Rd6 83. Ba4 Ra6 84. Rb4 Rd6 85. g4 Kg5 86. gxf5 exf5 87. Rb8 Rd5 88. Rg8+ Kf6 89. Be8 Ke5 90. Bf7 Rd7 91. Re8+ Kf6 92. Bc4 Rc7 93. Re6+ Kg5 94. Bb5 h5 95. Be8 h4 96. Rg6+ Kf4 97. Rh6 Kg5 98. Rh8 Rc8 99. Ke3 Rc3+ 100. Ke2 Rc8 101. Ke3 Rc3+ 102. Kd4 Rc2 103. Ke5 Kg4 104. Bh5+ Kg5 105. Bd1 Rc5+ 106. Kd4 Rc1 107. Be2 Rc2 108. Ke3 f4+ 109. Kxe4 Rxe2+ 110. Kf3 1/2-1/2

[Event "16th Deltalift Open 2019"]
[Site "Halmstad"]
[Date "2019.06.01"]
[Round "8.4"]
[White "Kucuksari, Kaan"]
[Black "Brynell, Stellan"]
[Result "1/2-1/2"]
[ECO "A40"]
[WhiteElo "2320"]
[BlackElo "2406"]
[Annotator "ChessBase"]
[PlyCount "74"]
[EventDate "2019.05.30"]
[EventType "swiss"]
[EventCountry "SWE"]
[SourceTitle "playchess.com"]
[Source "ChessBase"]
[SourceQuality "1"]
[TimeControl "40/5400+30:1800+30"]

1. d4 e6 2. Nf3 c5 3. c3 Nf6 4. Nbd2 d5 5. e3 Nc6 6. Bd3 Bd6 7. O-O O-O 8. dxc5 Bxc5 9. e4 Qc7 10. exd5 exd5 11. Nb3 Bb6 12. Nbd4 Bg4 13. Qa4 Rfe8 14. Nxc6 Bxf3 15. gxf3 bxc6 16. Qh4 Qe5 17. Bf4 Qh5 18. Qg3 Nd7 19. Rae1 f6 20. Qg4 Qxg4+ 21. fxg4 Ne5 22. Be2 Re7 23. Bxe5 fxe5 24. Kg2 Rf8 25. f3 Rf4 26. Bd1 g6 27. b4 Rc4 28. Bb3 Rxc3 29. Rc1 Bd4 30. Rxc3 Bxc3 31. Rc1 Bxb4 32. Rxc6 Rd7 33. Re6 Bc3 34. Ba4 Rb7 35. Bb3 Rd7 36. Ba4 Rb7 37. Bb3 Rd7 1/2-1/2

[Event "16th Deltalift Open 2019"]
[Site "Halmstad"]
[Date "2019.06.01"]
[Round "8.5"]
[White "Jepson, Christian"]
[Black "Carlsson, Ludvig"]
[Result "1-0"]
[ECO "D18"]
[WhiteElo "2395"]
[BlackElo "2208"]
[Annotator "ChessBase"]
[PlyCount "97"]
[EventDate "2019.05.30"]
[EventType "swiss"]
[EventCountry "SWE"]
[SourceTitle "playchess.com"]
[Source "ChessBase"]
[SourceQuality "1"]
[TimeControl "40/5400+30:1800+30"]

1. d4 d5 2. c4 c6 3. Nf3 Nf6 4. Nc3 dxc4 5. a4 Bf5 6. e3 e6 7. Bxc4 Nbd7 8. Qe2 Bb4 9. O-O Bg6 10. e4 O-O 11. Bd3 Bh5 12. e5 Nd5 13. Nxd5 cxd5 14. Qe3 Bg6 15. Ng5 Re8 16. f4 Rc8 17. Kh1 Bxd3 18. Qxd3 Nf8 19. Be3 f6 20. Nf3 f5 21. Rg1 Qb6 22. g4 fxg4 23. Rxg4 Qa6 24. Qb5 Qxb5 25. axb5 Ra8 26. Rag1 g6 27. h4 Be7 28. h5 a6 29. bxa6 Rxa6 30. R4g2 Rc8 31. Bf2 Rc2 32. Bh4 Rxg2 33. Rxg2 Bxh4 34. Nxh4 Kf7 35. h6 Ra4 36. Nf3 Ke7 37. Rc2 Kd7 38. Kg2 Rb4 39. Kg3 Rc4 40. Rd2 Rc1 41. Rd3 Rc6 42. Rb3 Kc7 43. Kg4 Rb6 44. Rxb6 Kxb6 45. Kg5 Nd7 46. Nh4 Kb5 47. Nxg6 hxg6 48. h7 Nxe5 49. fxe5 1-0

[Event "16th Deltalift Open 2019"]
[Site "Halmstad"]
[Date "2019.06.01"]
[Round "8.6"]
[White "Pantzar, Milton"]
[Black "Hansen, Lars"]
[Result "1/2-1/2"]
[ECO "A07"]
[WhiteElo "2390"]
[BlackElo "2196"]
[Annotator "ChessBase"]
[PlyCount "38"]
[EventDate "2019.05.30"]
[EventType "swiss"]
[EventCountry "SWE"]
[SourceTitle "playchess.com"]
[Source "ChessBase"]
[SourceQuality "1"]
[TimeControl "40/5400+30:1800+30"]

1. Nf3 Nf6 2. g3 d5 3. Bg2 c6 4. O-O Bg4 5. h3 Bh5 6. c4 e6 7. d4 Be7 8. Nc3 Nbd7 9. Qb3 Qb6 10. c5 Qxb3 11. axb3 O-O 12. b4 Ne4 13. g4 Bg6 14. Bf4 f5 15. gxf5 Bxf5 16. Ne5 Nxe5 17. Bxe5 Nd2 18. Rfe1 Bh4 19. Bg3 Bxg3 1/2-1/2

[Event "16th Deltalift Open 2019"]
[Site "Halmstad"]
[Date "2019.06.01"]
[Round "8.7"]
[White "Rydstrom, Tom"]
[Black "Brzezinski, Adam"]
[Result "1-0"]
[ECO "C18"]
[WhiteElo "2365"]
[BlackElo "2193"]
[Annotator "ChessBase"]
[PlyCount "139"]
[EventDate "2019.05.30"]
[EventType "swiss"]
[EventCountry "SWE"]
[SourceTitle "playchess.com"]
[Source "ChessBase"]
[SourceQuality "1"]
[TimeControl "40/5400+30:1800+30"]

1. e4 e6 2. d4 d5 3. Nc3 Bb4 4. e5 c5 5. a3 Bxc3+ 6. bxc3 Qa5 7. Bd2 Qa4 8. Qg4 Kf8 9. Qf4 Ne7 10. dxc5 Qxf4 11. Bxf4 Nd7 12. Nf3 Ng6 13. Bg3 Nxc5 14. c4 dxc4 15. Bxc4 Bd7 16. O-O h5 17. h4 Ba4 18. Ng5 Bxc2 19. Rac1 Bf5 20. Bd5 Rc8 21. Bxb7 Rc7 22. Bf3 Ke7 23. Rc3 Rhc8 24. Bxh5 Nd3 25. Rb3 Ngxe5 26. Nf3 Nxf3+ 27. Bxf3 Rd7 28. Rd1 Nc5 29. Rxd7+ Kxd7 30. Rb4 Ke7 31. h5 f6 32. Bf4 e5 33. Be3 Kd6 34. g4 Bd7 35. Rb1 a5 36. g5 fxg5 37. Rd1+ Ke7 38. Rd5 Ne6 39. Rxe5 a4 40. Bxg5+ Kf7 41. Bd5 Re8 42. Bd2 Kg8 43. Bc3 Kh7 44. Be4+ Kg8 45. Kh2 Nf4 46. Rg5 Rxe4 47. Rxg7+ Kf8 48. Rxd7 Nxh5 49. Ra7 Nf4 50. Bb4+ Ke8 51. Rxa4 Nd3 52. Kg3 Kd7 53. Kf3 Re6 54. Bc3 Kc6 55. Ra8 Kb5 56. Rf8 Ka4 57. Bb4 Nxf2 58. Kxf2 Kb5 59. Rf5+ Ka4 60. Kf3 Kb3 61. Ra5 Kc4 62. Bd2 Kb3 63. Ra8 Kc4 64. a4 Kc5 65. Rb8 Kc6 66. a5 Kc7 67. Bf4+ Kd7 68. Rb7+ Kc8 69. Rb6 Re1 70. a6 1-0

[Event "16th Deltalift Open 2019"]
[Site "Halmstad"]
[Date "2019.06.01"]
[Round "8.8"]
[White "Ivarsson, Sebastian"]
[Black "Malmstig, Erik"]
[Result "0-1"]
[ECO "A41"]
[WhiteElo "2013"]
[BlackElo "2352"]
[Annotator "ChessBase"]
[PlyCount "50"]
[EventDate "2019.05.30"]
[EventType "swiss"]
[EventCountry "SWE"]
[SourceTitle "playchess.com"]
[Source "ChessBase"]
[SourceQuality "1"]
[TimeControl "40/5400+30:1800+30"]

1. d4 d6 2. c4 Nd7 3. Nc3 e5 4. Nf3 c6 5. e3 f5 6. dxe5 dxe5 7. Be2 Nh6 8. O-O Qf6 9. b3 Bd6 10. Bb2 O-O 11. Qd2 Nf7 12. Rfd1 Nc5 13. Qc2 a5 14. a3 Ne6 15. Na4 Bc7 16. b4 Qh6 17. h3 e4 18. Nd4 Neg5 19. Bf1 f4 20. exf4 Nxh3+ 21. gxh3 Qxf4 22. Bg2 Ng5 23. Rd2 e3 24. Re2 Qh2+ 25. Kf1 Bxh3 0-1

[Event "16th Deltalift Open 2019"]
[Site "Halmstad"]
[Date "2019.06.01"]
[Round "8.9"]
[White "Bellon Lopez, Juan Manuel"]
[Black "Holm, Ragnar"]
[Result "1-0"]
[ECO "C15"]
[WhiteElo "2345"]
[BlackElo "2124"]
[Annotator "ChessBase"]
[PlyCount "41"]
[EventDate "2019.05.30"]
[EventType "swiss"]
[EventCountry "SWE"]
[SourceTitle "playchess.com"]
[Source "ChessBase"]
[SourceQuality "1"]
[TimeControl "40/5400+30:1800+30"]

1. d4 e6 2. Nc3 d5 3. e4 Bb4 4. Qd3 dxe4 5. Qxe4 Nf6 6. Qh4 c5 7. dxc5 Qa5 8. Bd2 Qxc5 9. a3 Bxc3 10. Bxc3 Nbd7 11. Nf3 O-O 12. Bd3 a5 13. O-O b6 14. Ng5 g6 15. Rae1 Ba6 16. Re3 Bxd3 17. Rxd3 h5 18. Nf3 Qf5 19. Rfd1 Nc5 20. Nd4 g5 21. Rg3 1-0

[Event "16th Deltalift Open 2019"]
[Site "Halmstad"]
[Date "2019.06.01"]
[Round "8.10"]
[White "Lindgren, Fredrik"]
[Black "Crevatin, Leo"]
[Result "0-1"]
[ECO "D02"]
[WhiteElo "2278"]
[BlackElo "2210"]
[Annotator "ChessBase"]
[PlyCount "130"]
[EventDate "2019.05.30"]
[EventType "swiss"]
[EventCountry "SWE"]
[SourceTitle "playchess.com"]
[Source "ChessBase"]
[SourceQuality "1"]
[TimeControl "40/5400+30:1800+30"]

1. d4 d5 2. Nf3 Nf6 3. g3 c6 4. Bg2 Bf5 5. O-O h6 6. Nbd2 e6 7. c4 Bd6 8. b3 Nbd7 9. Bb2 Qc7 10. Rc1 O-O 11. Re1 Bh7 12. e3 Rfe8 13. Qe2 a5 14. Red1 a4 15. c5 Bf8 16. b4 a3 17. Bc3 b6 18. Nb3 bxc5 19. bxc5 Ne4 20. Qe1 Reb8 21. Bf1 Bg6 22. Be2 Be7 23. Kg2 Bf6 24. Ng1 e5 25. f3 Nxc3 26. Qxc3 exd4 27. exd4 Nf8 28. Bd3 Bxd3 29. Qxd3 Ne6 30. f4 Ra4 31. Nf3 Rbb4 32. Qe3 g6 33. f5 gxf5 34. Qxh6 Bg7 35. Qh5 Qf4 36. Re1 Qg4 37. Qh4 Qxh4 38. Nxh4 Nxd4 39. Re8+ Kh7 40. Nxd4 Rxd4 41. Nxf5 Rd2+ 42. Kh3 Rxa2 43. Nxg7 Kxg7 44. Rf1 Re4 45. Ra8 Ree2 46. Kg4 Rxh2 47. Rf5 Rh6 48. Rg5+ Rg6 49. Rxg6+ Kxg6 50. Ra6 Rc2 51. Rxc6+ f6 52. Ra6 Rxc5 53. Rxa3 Rc4+ 54. Kf3 Kf5 55. Rb3 Ke5 56. Ra3 Rc6 57. g4 Rd6 58. Re3+ Kd4 59. Kf4 Kc4 60. Re8 d4 61. Ke4 d3 62. Rc8+ Kb3 63. Ke3 d2 64. Rb8+ Ka4 65. Ra8+ Kb5 {[%emt 0:00:02] Kd4} 0-1